 Dungeon Crawl Stone Soup version 0.31-a0-263-ge8cad7f256 (webtiles) character file.

Game seed: 7750935166425430813

159 qw the Shooter (level 5, 0/41 HPs)
             Began as a Minotaur Hexslinger on July 13, 2023.
             Slain by Pikel
             ... wielding a +2 whip of freezing
              (1 damage)
             ... on level 4 of the Dungeon.
             The game lasted 00:00:42 (2122 turns).

qw the Shooter (Minotaur Hexslinger)                Turns: 2122, Time: 00:00:42

Health: 0/41       AC:  6    Str: 13    XL:     5   Next: 17%
Magic:  5/5        EV: 11    Int: 10    God:
Gold:   170        SH:  0    Dex: 14    Spells: 5/6 levels left

rFire   . . .        Y - +2 sling
rCold   . . .        (no shield)
rNeg    . . .        c - +0 ring mail
rPois   .            (helmet restricted)
rElec   .            i - +0 cloak
rCorr   +            (no gloves)
SInv    .            (no boots)
Will    .....        (no amulet)
Stlth   +            d - ring of resist corrosion
HPRegen 0.26/turn    (no ring)
MPRegen 0.09/turn

%: no passive effects
@: no status effects
A: horns 2, retaliatory headbutt
a: no special abilities


You were on level 4 of the Dungeon.
You visited 1 branch of the dungeon, and saw 4 of its levels.

You collected 170 gold pieces.


Innate Abilities, Weirdness & Mutations

You have a pair of horns on your head.
You reflexively headbutt those who attack you in melee.


   Skills:
 + Level 2.0 Fighting
 - Level 5.3 Ranged Weapons
 - Level 2.1 Armour
 - Level 2.1 Dodging
 - Level 1.0 Spellcasting
 - Level 2.0 Hexes


You had 5 spell levels left.
You knew the following spells:

 Your Spells              Type           Power      Damage    Failure   Level
a - Slow                  Hex            16%        N/A       32%         1

Your spell library contained the following spells:

 Spells                   Type           Power      Damage    Failure   Level
 Inner Flame              Hex/Fire       2%         N/A       82%         3
 Portal Projectile        Hex/Tloc       4%         N/A       82%         3
 Cause Fear               Hex            2%         N/A       97%         4

Inventory:

Hand Weapons
 Y - a +2 sling (weapon)
Armour
 c - a +0 ring mail (worn)
 i - a +0 cloak (worn)
Jewellery
 d - a ring of resist corrosion (left hand)
Scrolls
 j - a scroll of identify
Potions
 a - a potion of heal wounds {unknown}
 b - a potion of berserk rage {unknown}
 e - a potion of magic {unknown}
 f - a potion of enlightenment
 g - a potion of curing {unknown}
 h - a potion of might {unknown}

Dungeon Overview and Level Annotations

Branches:
Dungeon (4/15)
 Temple: D:4-7

Altars:

Shops:
D:3 (

Annotations:
D:3 1 runed translucent door, Crazy Yiuf
D:4 Pikel


Message History

The sling bullet hits the lemure but does no damage.
The lemure hits you but does no damage. The lemure closely misses you.
The lemure hits you but does no damage. The lemure completely misses you.
You furiously retaliate!
You headbutt the lemure. You shoot a sling bullet.
The sling bullet hits the lemure.
The lemure is moderately wounded.
The lemure misses you. The lemure hits you but does no damage.
You shoot a sling bullet. The sling bullet hits the lemure.
The lemure is heavily wounded.
The lemure hits you but does no damage. The lemure hits you!
You shoot a sling bullet. The sling bullet hits the lemure.
The lemure is heavily wounded.
The lemure hits you. The lemure barely misses you.
You shoot a sling bullet. The sling bullet hits the lemure.
The lemure is severely wounded.
The lemure hits you. The lemure closely misses you. The lemure misses you.
You shoot a sling bullet. The sling bullet hits the lemure.
The lemure is lightly wounded.
The lemure misses you. You furiously retaliate!
You headbutt the lemure! Pikel barely misses you. You furiously retaliate!
You headbutt Pikel. You shoot a sling bullet.
The sling bullet hits the lemure but does no damage.
The lemure is heavily wounded.
The lemure hits you. Pikel completely misses you.
You shoot a sling bullet.
The sling bullet hits the lemure but does no damage.
The lemure is heavily wounded.
The lemure hits you. Pikel closely misses you.
You shoot a sling bullet.
The sling bullet barely misses the lemure.
The lemure completely misses you. Pikel hits you but does no damage.
The lemure hits you.
Pikel hits you with a +2 whip of freezing!
Pikel freezes you.
You shoot a sling bullet.
The sling bullet barely misses the lemure.
The lemure closely misses you.
Pikel hits you with a +2 whip of freezing.
Pikel freezes you.
You die...

#<# #.# #.#####
#.....# #####.#
#.# . #.#
....###.#######
#555K@.......
#####5#######
#.# #.# #.# #.#
#.# #.#


You could see Pikel and 4 lemures.

Vanquished Creatures
  A phantom (D:4)
  An iguana (D:3)
  An adder (D:2)
  A worm (D:3)
  A dart slug (D:1)
  An orc (D:3)
  6 ball pythons
  3 endoplasms
  A giant cockroach (D:3)
  5 goblins
  2 hobgoblins
  A quokka (D:2)
  2 bats
  3 frilled lizards
  8 kobolds
  6 rats
43 creatures vanquished.

Notes
Turn   | Place    | Note
-------+----------+-------------------------------------------
     0 | D:1      | qw the Minotaur Hexslinger began the quest for the Orb.
     0 | D:1      | Reached XP level 1. HP: 16/16 MP: 1/1
     0 | D:1      | 0 ||| qw: Version: 0.3-a-52-g30416fa
     0 | D:1      | 0 ||| qw: Game counter: 7149
     0 | D:1      | 0 ||| qw: Melee chars always use a shield: true
     0 | D:1      | 0 ||| qw: God list: Okawaru
     0 | D:1      | 0 ||| qw: Allow faded altars: false
     0 | D:1      | 0 ||| qw: Do Orc after clearing Dungeon:15 true
     0 | D:1      | 0 ||| qw: Do second Lair branch before Depths: true
     0 | D:1      | 0 ||| qw: Lair rune preference: random
     0 | D:1      | 0 ||| qw: Goals: Normal
     0 | D:1      | 0 ||| PLANNING D:1-11
     1 | D:1      | Noticed an electric eel
   183 | D:1      | Reached skill level 3 in Ranged Weapons
   188 | D:1      | Reached XP level 2. HP: 20/23 MP: 2/2
   364 | D:1      | 364 ||| Stepping ~*~*~tactically~*~*~ (outnumbered).
   693 | D:1      | 693 ||| UPGRADING to +0 leather armour.
   703 | D:1      | 703 ||| DROPPING +0 robe.
   704 | D:1      | 704 ||| READING scroll labelled LUAJY GORACOFA.
   705 | D:1      | 705 ||| DROPPING scroll of poison.
   832 | D:2      | Reached XP level 3. HP: 29/29 MP: 3/3
   979 | D:2      | Found a faded altar of an unknown god.
  1294 | D:2      | 1294 ||| UPGRADING to +0 ring mail.
  1304 | D:2      | 1304 ||| DROPPING +0 leather armour.
  1305 | D:2      | 1305 ||| UPGRADING to +0 cloak.
  1310 | D:2      | 1310 ||| READING scroll labelled PYSMUN GUUDGHEL.
  1370 | D:3      | Found a runed translucent door.
  1371 | D:3      | Noticed Crazy Yiuf
  1502 | D:3      | Reached skill level 4 in Ranged Weapons
  1508 | D:3      | 1508 ||| FLEEEEING.
  1513 | D:3      | 1513 ||| FLEEEEING.
  1514 | D:3      | 1514 ||| FLEEEEING.
  1515 | D:3      | 1515 ||| STAIRDANCE
  1554 | D:2      | 1554 ||| READING scroll labelled AREJ DAOMEST.
  1655 | D:2      | 1655 ||| DRINKING 2 puce potions.
  1684 | D:3      | Reached XP level 4. HP: 14/36 MP: 4/4
  1964 | D:3      | Found Yneyni's Weapon Shoppe.
  2023 | D:3      | 2023 ||| UPGRADING to ring of resist corrosion.
  2024 | D:3      | 2024 ||| READING scroll labelled DILICE WYOSILL.
  2050 | D:4      | Noticed a phantom
  2060 | D:4      | Killed a phantom
  2061 | D:4      | Reached skill level 5 in Ranged Weapons
  2061 | D:4      | Reached XP level 5. HP: 30/41 MP: 5/5
  2108 | D:4      | Noticed Pikel
  2108 | D:4      | Noticed a lemure
  2108 | D:4      | Noticed a lemure
  2108 | D:4      | Noticed a lemure
  2109 | D:4      | Noticed a lemure
  2121 | D:4      | HP: 5/41 [Pikel/+2 whip of freezing (12)]
  2122 | D:4      | HP: 1/41 [Pikel/+2 whip of freezing (3)]
  2122 | D:4      | Slain by Pikel

Levels and vault maps discovered:
D:1:      arrival_aquarium_a, layout_basic
D:2:      layout_basic, ebering_ecumenical_altar_petrified, moated_statue,
          kennysheep_generic_room_14
D:3:      minmay_octagon_keep, layout_rooms, serial_shops, shop,
          uniq_crazy_yiuf_cottage
D:4:      layout_loops_ring, chequers_temple_overflow_minitemple,
          uniq_blork_the_orc, uniq_pikel, uniq_natasha

Skill      XL: |  1  2  3  4 |
---------------+-------------+-----
Ranged Weapons | 3 4 5 |  5.3
Fighting       | 2 |  2.0
Armour         | 2 |  2.1
Dodging        | |  2.1
Spellcasting   | |  1.0
Hexes          | |  2.0

Action                     |  1- 3 |  4- 6 || total
---------------------------+-------+-------++-------
   Fire: Sling             |    93 |    44 ||   137
    Use: Scroll            |     3 |     1 ||     4
         Potion            |     1 |       ||     1
 Armour: Leather armour    |     4 |       ||     4
         Robe              |     1 |       ||     1
         Ring mail         |     5 |    10 ||    15
  Dodge: Dodged            |    24 |    20 ||    44

Table legend:
 A = Non-vault XP
 B = Vault XP
 C = Vault XP percentage of total XP
 D = Non-vault monster count
 E = Vault monster count
 F = Vault count percentage of total count
                 A         B        C        D         E       F
            +---------+---------+-------+---------+---------+-------
      Total |     170 |      58 |  25.4 |      31 |      12 |  27.9
            +---------+---------+-------+---------+---------+-------
        D:1 |      27 |       0 |   0.0 |      15 |       0 |   0.0
        D:2 |      25 |       2 |   7.4 |      10 |       1 |   9.1
        D:3 |       7 |      56 |  88.9 |       5 |      11 |  68.8
        D:4 |     111 |       0 |   0.0 |       1 |       0 |   0.0
            +---------+---------+-------+---------+---------+-------
